 Dungeon Crawl Stone Soup version 0.20-a0-331-g5b3579f (webtiles) character file.

545388 junb69 the Slayer (level 24, -1/266 HPs)
             Began as a Grey Draconian Gladiator on Dec 19, 2016.
             Was the Champion of Ashenzari.
             Killed by Lee's Rapid Deconstruction
             ... invoked by a deep troll earth mage
              (22 damage)
             ... on level 3 of the Depths on Dec 21, 2016.
             The game lasted 04:11:29 (88210 turns).

junb69 the Slayer (Grey Draconian Gladiator)       Turns: 88210, Time: 04:11:30

Health: -1/266     AC: 36    Str: 15      XL:     24   Next: 88%
Magic:  57/57      EV: 27    Int: 23      God:    Ashenzari [******]
Gold:   2866       SH: 16    Dex: 15 (16) Spells: 7/57 levels left

rFire  + . .     SeeInvis +     F - +5 eveningstar (freeze) (curse)
rCold  . . .     Gourm    .     (armour unavailable)
rNeg   + + .     Faith    .     r - +3 shield {AC+3} (curse)
rPois  ∞         Spirit   .     b - +2 hat (curse)
rElec  +         Reflect  .     N - +2 cloak (curse)
rCorr  .         Harm     .     (gloves currently unavailable)
MR     +....     Clarity  +     (boots currently unavailable)
Stlth  ++++......               u - amulet of regeneration (curse)
                                p - +5 ring of intelligence (curse)
                                T - ring of Hutiapt {rF+ rN+ MP+9 Str-3 Int+2} (curse)

@: statue-form, very slightly contaminated, hasted, quick
A: (walk through water), unfitting armour, deterioration 1, frail 1, high mp 1,
unbreathing, cold-blooded, AC +17
}: 3/15 runes: decaying, silver, gossamer
a: End Transformation, Curse Item, Scrying, Transfer Knowledge, Renounce
Religion


You were on level 3 of the Depths.
You worshipped Ashenzari.
Ashenzari was exalted by your worship.
You were hungry.
You were a stone statue.
You visited 9 branches of the dungeon, and saw 43 of its levels.
You visited the Abyss 1 time.
You visited 2 bazaars.
You also visited: Labyrinth, Sewer, Ice Cave and Wizlab.

You collected 6863 gold pieces.
You spent 3997 gold pieces at shops.

Inventory:

Hand Weapons
 F - a cursed +5 eveningstar of freezing (weapon)
Armour
 b - a cursed +2 hat (worn)
 k - a cursed +2 pair of boots of stealth (melded)
 r - a cursed +3 shield of protection (worn)
 C - a cursed +2 pair of gloves (melded)
 N - a cursed +2 cloak (worn)
Jewellery
 p - a cursed +5 ring of intelligence (right hand)
 u - a cursed amulet of regeneration (around neck)
 T - the cursed ring of Hutiapt (left hand) {rF+ rN+ MP+9 Str-3 Int+2}
   (You took it off a deep elf annihilator on level 3 of the Elven Halls)

   [ring of magical power]

   It affects your strength (-3).
   It affects your intelligence (+2).
   It protects you from fire.
   It protects you from negative energy.
   It affects your magic capacity (+9).
   It has a curse placed upon it.
Wands
 f - a wand of removedness (4/24)
 x - a wand of removedness (6/24)
 E - a wand of digging (1/24)
 X - a wand of disintegration (2/24)
Scrolls
 a - 9 scrolls of vulnerability
 c - 4 scrolls of holy word
 h - 3 scrolls of remove curse
 i - 5 scrolls of fog
 m - 6 scrolls of recharging
 w - 3 scrolls of silence
 y - 11 scrolls of teleportation
 I - 19 scrolls of identify
 O - 2 scrolls of brand weapon
 Y - 6 scrolls of magic mapping
Potions
 e - 5 potions of flight
 j - 12 potions of lignification
 l - 13 potions of curing
 o - 4 potions of haste
 t - 2 potions of cure mutation
 A - 5 potions of agility
 B - 6 potions of cancellation
 D - 6 potions of might
 J - 2 potions of invisibility
 K - 2 potions of resistance
Books
 s - a book of Minor Magic

   Spells                             Type                      Level
   a - Magic Dart                     Conjuration                  1
   b - Blink                          Translocation                2
   c - Call Imp                       Summoning                    2
   d - Repel Missiles                 Charms/Air                   2
   e - Slow                           Hexes                        2
   f - Conjure Flame                  Conjuration/Fire             3
   g - Mephitic Cloud                 Conjuration/Poison/Air       3
Comestibles
 d - 22 bread rations
 g - 7 chunks of flesh
 n - 10 slices of pizza
 q - 22 meat rations
 R - 2 beef jerkies


   Skills:
 - Level 21.5 Fighting
 - Level 18.2(21.9) Maces & Flails
 - Level 1.7 Throwing
 - Level 16.9(20.7) Dodging
 - Level 3.3(7.3) Stealth
 - Level 12.4(15.1) Shields
 * Level 17.3 Spellcasting
 - Level 10.7(14.9) Conjurations
 - Level 12.8(16.9) Hexes
 - Level 4.8(9.2) Charms
 - Level 6.9(11.4) Transmutations
 - Level 5.3(9.8) Air Magic
 * Level 12.2(16.3) Earth Magic


You had 7 spell levels left.
You knew the following spells:

 Your Spells              Type           Power        Failure   Level  Hunger
a - Blink                 Tloc           N/A          2%          2    None
b - Statue Form           Tmut/Erth      ######...    1%          6    ####...
c - Shadow Creatures      Summ           N/A          100%        6    ####...
d - Iron Shot             Conj/Erth      #######...   1%          6    ####...
e - Passwall              Tmut/Erth      ######....   0%          2    None
f - Stone Arrow           Conj/Erth      ######       0%          3    None
g - Deflect Missiles      Chrm/Air       ######....   12%         6    ####...
h - Silence               Hex/Air        ######....   1%          5    None
i - Discord               Hex            #######...   21%         8    #######
j - Darkness              Hex            #######...   1%          6    ####...


Dungeon Overview and Level Annotations

Branches:
Dungeon (15/15)            Temple (1/1) D:7            Lair (6/6) D:10
  Swamp (4/4) Lair:2       Spider (4/4) Lair:3        Slime (0/5) Lair:6
    Orc (2/2) D:12            Elf (3/3) Orc:2        Vaults (5/5) D:14
  Crypt (0/3) Vaults:3     Depths (3/5) D:15

Altars:
Ashenzari
Cheibriados
Dithmenos
Elyvilon
Fedhas
Hepliaklqana
Kikubaaqudgha
Makhleb
Nemelex Xobeh
Okawaru
Qazlal
Ru
Sif Muna
Trog
Vehumet
Xom
Zin
The Shining One
Beogh
Jiyva

Shops:
Orc:1 (   Orc:2 }}!!(   Elf:1 [   Elf:3 =   Vaults:1 !   Vaults:3 %

Portals:
Hell: Depths:1 Depths:2

Annotations:
D:8 Gastronok
D:9 nht's ghost, novice MiCK
Elf:2 1 runed door


Innate Abilities, Weirdness & Mutations

((You can walk through water.))
((Your dull iron-grey scales are very hard. (AC +17)))
You cannot fit into any form of body armour.
You can survive without breathing.
You are cold-blooded and may be slowed by cold attacks.
Your body sometimes deteriorates upon taking damage.
You are frail. (-10% HP)
You have an increased reservoir of magic. (+10% MP)


Message History

Evoke which item? (* to show all) (? for menu, Esc to quit)
Zapping:
E - a wand of digging (2/24)
Press: ? - help, Shift-Dir - straight line The rock shatters into small pieces.
This wand has 1 charge left.
The frost giant shouts!
A deep troll earth mage comes into view.
As you read the scroll of teleportation, it crumbles to dust.
You feel strangely unstable.
The lich mumbles some strange words.
The lich seems to speed up.
The frost giant points at you and mumbles some strange words.
The bolt of cold misses you.
Found 34 gold pieces.
The frost giant casts a spell at you. The bolt of cold misses you.
Your surroundings suddenly seem different.
The deep troll earth mage shouts!
The deep troll earth mage gestures at you while chanting.
You shatter!
You die...

, , , ......##...##+##..... ,
,,
,,,,.#*.....##..............
,,,,,
,,..#######..(............ ,
,,,......T.........#.......
,, ,,,
......................#. ,
**, .....................?##
,, **
,,.......................# ,
,...............###....## ***
,,.>?....8.......##.....#
8∩*,,,.............>.......##
,, * *
,,....................## , ,,
, , ................##.## ,,
,,, ...............## # ,, ,
.........≈≈≈..O## *,, ,
..........§..≈..## *,,,,
,.............≈...# * , , ,
,,, .......§≈..#


You could see an ogre mage (wandering) and a deep troll earth mage.

Vanquished Creatures
  2 juggernauts (Depths:3)
  Mara (Elf:3)
  A greater mummy (WizLab)
  Sojobo (Vaults:3)
  Boris (Vaults:3)
  Bai Suzhen (Elf:3)
  A golden dragon (Depths:2)
  Jorgrun (Vaults:2)
  5 tentacled monstrosities
  A lich (Depths:2)
  2 deep elf blademasters (Elf:3)
  3 titans (Vaults:5)
  2 deep elf master archers (Elf:3)
  4 sphinxes
  5 shadow dragons
  6 storm dragons
  12 tengu reavers
  Donald (Swamp:1)
  2 thorn hunters
  Roxanne (D:15)
  6 fire giants
  4 frost giants
  10 deep elf sorcerers
  4 ghost moths (Spider:4)
  Louise (D:14)
  An iron dragon (Vaults:5)
  7 emperor scorpions
  20 vault wardens
  An orc warlord (Vaults:4)
  6 deep elf elementalists
  Aizul (Swamp:4)
  2 war gargoyles (Vaults:5)
  A spriggan defender (Depths:3)
  23 ironheart preservers
  4 very ugly things
  12 entropy weavers
  23 stone giants
  4 deep elf demonologists
  2 vampire knights
  The ghost of Amnesiac the Unseen, a journeyman DEEn of Dithmenos (WizLab)
  Azrael (D:15)
  8 deep elf annihilators
  A yellow draconian (Vaults:4)
  6 spark wasps
  Snorg (D:13)
  A minotaur (Lab)
  10 ettins
  11 deep elf death magi
  7 fire dragons
  2 mummy priests (WizLab)
  A merfolk impaler (Depths:2)
  22 hydras
  8 ice dragons
  A green death (Swamp:4)
  Erolcha (D:11)
  2 rakshasas (Depths:2)
  7 great orbs of eyes
  15 yaktaur captains
  4 deep elf high priests
  14 ogre magi
  24 vault guards
  A spriggan air mage (Depths:3)
  Erica (D:11)
  A catoblepas (Lair:6)
  9 centaur warriors
  16 death yaks
  2 ghost crabs
  7 alligators
  4 deep troll shamans
  2 vampire magi (Vaults:3)
  7 death knights
  36 two-headed ogres
  5 tengu warriors
  7 deep troll earth magi
  26 dancing weapons
  An orc high priest (Orc:2)
  A thrashing horror (Swamp:4)
  3 spriggan berserkers
  Sonja (D:14)
  6 skeletal warriors
  Urug (D:12)
  34 deep elf knights
  4 hell knights (Depths:2)
  2 shadow wraiths
  A fire crab (shapeshifter) (Vaults:5)
  2 tengu zombies (WizLab)
  4 glowing orange brains
  A golden dragon zombie (WizLab)
  20 deep trolls
  4 unseen horrors
  2 spriggan druids
  2 flayed ghosts
  A deep troll (shapeshifter) (Depths:2)
  A shambling mangrove (Swamp:3)
  10 swamp dragons
  20 deep elf archers
  An obsidian statue (Elf:1)
  7 wizards
  An orange crystal statue (Elf:1)
  2 lindwurms (Lair:6)
  22 ironbrand convokers
  6 phantasmal warriors
  18 orc knights
  3 necromancers
  40 wolf spiders
  74 deep elf magi
  23 orb spiders
  3 manticores (shapeshifter)
  12 orc sorcerers
  A mana viper (shapeshifter) (Vaults:3)
  51 ugly things
  2 salamanders (shapeshifter) (Vaults:4)
  A stone giant zombie (Vaults:4)
  3 cyclopes
  3 moths of wrath
  A demonspawn zombie (WizLab)
  A cyclops (shapeshifter) (Elf:1)
  17 elephants
  A spriggan zombie (WizLab)
  6 large abominations
  A guardian serpent (shapeshifter) (Vaults:4)
  A rust devil (Depths:1)
  4 black mambas
  An ice statue (IceCv)
  15 vault sentinels
  A black mamba (shapeshifter) (Vaults:3)
  A centaur zombie (D:12)
  2 orange demons (Swamp:4)
  2 torpor snails (Spider:2)
  17 spiny frogs
  A gargoyle (D:13)
  50 yaktaurs
  4 kobold demonologists
  2 ice devils (Lair:3)
  4 elf zombies
  A yaktaur (shapeshifter) (Vaults:1)
  2 komodo dragons (shapeshifter) (Vaults:4)
  17 komodo dragons
  8 rime drakes
  An efreet (D:14)
  4 guardian mummies (WizLab)
  12 freezing wraiths
  4 tengu conjurers
  2 tormentors (D:11)
  14 demonic crawlers
  48 jumping spiders
  3 meliai (D:15)
  A meliai (shapeshifter) (Vaults:3)
  5 trolls
  A troll (shapeshifter) (Vaults:4)
  A tengu simulacrum (Vaults:4)
  2 queen bees (shapeshifter)
  25 polar bears
  A wolf spider simulacrum (D:14)
  49 slime creatures
  7 tyrant leeches
  20 hornets
  28 blink frogs
  A hippogriff (shapeshifter) (Depths:1)
  6 bog bodies
  10 hippogriffs
  7 dream sheep (Lair:5)
  A fire dragon zombie (WizLab)
  An ice dragon zombie (WizLab)
  8 shadows
  8 water elementals
  7 spriggans
  10 air elementals
  Sigmund (D:4)
  2 redbacks (shapeshifter)
  4 hogs (D:7)
  A human (D:7)
  109 redbacks
  55 tarantellas
  2 wyverns
  6 wraiths
  55 yaks
  6 fire elementals
  5 basilisks
  3 fire bats (Lair:3)
  2 small abominations
  2 hogs (shapeshifter)
  A human (shapeshifter) (D:13)
  A neqoxec (Spider:4)
  A chaos spawn (Spider:4)
  2 hungry ghosts
  23 vampire mosquitoes
  4 human zombies
  5 wargs
  A deep troll zombie (Vaults:4)
  5 acid dragons
  18 swamp worms
  11 insubstantial wisps
  Duvessa (D:4)
  3 hell hounds (D:15)
  3 soldier ants
  19 water moccasins
  4 swamp drakes
  A floating eye (shapeshifter) (Depths:3)
  16 porcupines
  2 eyes of draining
  4 ice beasts
  An eye of draining (shapeshifter) (Vaults:5)
  A sky beast (D:12)
  A hornet zombie (D:8)
  2 black bears
  An ettin simulacrum (Vaults:2)
  3 necrophages
  38 ogres
  30 orc warriors
  8 phantoms
  11 boggarts
  22 wolves
  37 centaurs
  15 crocodiles
  9 big kobolds
  25 bullfrogs
  2 wyvern zombies
  An earth elemental (Elf:2)
  Dowan (D:4)
  A wyvern skeleton (D:14)
  A hornet simulacrum (D:11)
  5 scorpions
  6 killer bees (D:7)
  2 troll zombies (D:12)
  5 howler monkeys
  12 wights
  4 electric eels
  A bullfrog zombie (D:12)
  5 crimson imps
  8 hounds
  4 bullfrog skeletons
  13 orc priests
  3 jellies
  35 orc wizards
  7 centaur skeletons
  14 iguanas
  4 hell rats (Lair:6)
  7 worker ants
  6 ogre zombies (D:12)
  A hound zombie (D:6)
  A howler monkey zombie (D:10)
  4 gnolls (D:5)
  11 adders
  3 shadow imps
  2 oozes (Sewer)
  5 adder skeletons
  9 worms
  3 dart slugs
  10 leopard geckos
  77 orcs
  14 giant cockroaches
  3 hobgoblins
  14 jackals
  3 quokkas
  2 ball pythons
  10 bats
  7 frilled lizards
  10 goblins
  A goblin skeleton (D:12)
  5 goblin zombies (D:12)
  2 hobgoblin skeletons (D:12)
  3 hobgoblin zombies (D:12)
  47 kobolds
  2 orc skeletons (D:12)
  13 orc zombies
  A quokka skeleton (D:6)
  5 rats
  2 crawling corpses (Elf:3)
2297 creatures vanquished.

Vanquished Creatures (collateral kills)
  A golden dragon (Vaults:5)
  An ettin (Vaults:5)
  12 vault guards (Vaults:5)
14 creatures vanquished.

Vanquished Creatures (others)
  An entropy weaver (Vaults:5)
  A deep elf death mage (Vaults:5)
  4 vault guards (Vaults:5)
  An alligator (Swamp:3)
  A hell hog (shapeshifter) (Vaults:3)
  A vampire mage (Vaults:4)
  A swamp dragon (Swamp:2)
  An orb spider (Spider:1)
  A deep elf mage (Elf:1)
  A yaktaur (Vaults:5)
  A hornet (Vaults:3)
  2 water elementals
  2 redbacks
  3 insubstantial wisps (Swamp:3)
  A swamp worm (Swamp:2)
  An ogre (Vaults:2)
  2 orcs (Vaults:4)
  27 fungi
  22 plants
74 creatures vanquished.

Grand Total: 2385 creatures vanquished

Notes
Turn   | Place    | Note
-------+----------+-------------------------------------------
     0 | D:1      | junb69 the Draconian Gladiator began the quest for the Orb.
     0 | D:1      | Reached XP level 1. HP: 17/17 MP: 1/1
   394 | D:1      | Reached XP level 2. HP: 24/24 MP: 2/2
   902 | D:2      | Reached XP level 3. HP: 24/29 MP: 3/3
  1558 | D:2      | Found a stormy altar of Qazlal.
  1682 | D:3      | Reached XP level 4. HP: 27/36 MP: 4/4
  1915 | D:3      | Reached skill level 5 in Maces & Flails
  2439 | D:3      | Reached XP level 5. HP: 30/41 MP: 5/5
  2566 | D:3      | You fall through a shaft for 2 floors!
  2566 | D:5      | Entered Level 5 of the Dungeon
  2576 | D:5      | Noticed a necrophage
  2597 | D:5      | Killed a necrophage
  2691 | D:5      | Found a snail-covered altar of Cheibriados.
  2765 | D:5      | Noticed an ice beast
  2775 | D:5      | Reached XP level 6. HP: 37/45 MP: 6/6
  2785 | D:5      | Killed an ice beast
  2892 | D:5      | Found a glowing drain.
  2914 | Sewer    | Entered a sewer
  3882 | D:4      | Noticed Sigmund
  3892 | D:4      | Noticed Dowan
  3894 | D:4      | Noticed Duvessa
  4716 | D:4      | Killed Duvessa
  4716 | D:4      | Your scales start taking on a dull iron-grey colour.
  4716 | D:4      | Reached XP level 7. HP: 34/52 MP: 7/7
  4716 | D:4      | Gained mutation: You can survive without breathing. [Grey Draconian growth]
  4738 | D:4      | Killed Dowan
  4748 | D:4      | Killed Sigmund
  4960 | D:4      | Found an iron altar of Okawaru.
  5364 | D:5      | Reached XP level 8. HP: 49/58 MP: 8/8
  5665 | D:5      | Reached skill level 10 in Maces & Flails
  5958 | D:5      | Found a glowing silver altar of Zin.
  6397 | D:6      | Reached skill level 3 in Fighting
  6469 | D:6      | Found a glowing golden altar of the Shining One.
  6515 | D:6      | Reached skill level 4 in Fighting
  6754 | D:6      | Found a sparkling altar of Nemelex Xobeh.
  6776 | D:6      | Found a bloodstained altar of Trog.
  6860 | D:6      | Reached skill level 5 in Fighting
  7039 | D:7      | Reached skill level 6 in Fighting
  7521 | D:7      | Reached XP level 9. HP: 75/75 MP: 9/9
  7545 | D:7      | Reached skill level 7 in Fighting
  7659 | D:7      | Reached skill level 8 in Fighting
  7670 | D:7      | Reached skill level 9 in Fighting
  8052 | D:7      | Reached skill level 10 in Fighting
  8106 | D:7      | Found a staircase to the Ecumenical Temple.
  8114 | Temple   | Entered the Ecumenical Temple
  8241 | Temple   | Became a worshipper of Ashenzari the Shackled
  8357 | D:7      | Found a white marble altar of Elyvilon.
  8696 | D:7      | Reached skill level 5 in Dodging
  8881 | D:7      | Reached XP level 10. HP: 76/90 MP: 10/10
  9846 | D:8      | Found a sacrificial altar of Ru.
  9860 | D:8      | Noticed Gastronok
  9899 | D:8      | Noticed a two-headed ogre
  9925 | D:8      | Killed a two-headed ogre
 10113 | D:8      | Identified a -2 rod of inaccuracy (13/13) (You found it on level 8 of the Dungeon)
 10968 | D:9      | Noticed nht's ghost (novice MiCK)
 11119 | D:9      | Identified a +1 rod of shadows (10/10) (You found it on level 9 of the Dungeon)
 11149 | D:9      | Reached * piety under Ashenzari
 11773 | D:10     | Entered Level 10 of the Dungeon
 12061 | D:10     | Reached XP level 11. HP: 82/98 MP: 11/11
 12277 | D:10     | Reached ** piety under Ashenzari
 12338 | D:10     | Found a staircase to the Lair.
 12513 | Lair:1   | Entered Level 1 of the Lair of Beasts
 12617 | Lair:1   | Reached skill level 11 in Fighting
 13030 | Lair:1   | Reached skill level 1 in Stealth
 13643 | Lair:1   | Noticed a seven-headed hydra
 13987 | Lair:1   | Reached skill level 10 in Dodging
 14223 | Lair:1   | Killed a seven-headed hydra
 14476 | Lair:1   | Reached XP level 12. HP: 98/112 MP: 12/12
 14714 | Lair:1   | Reached skill level 12 in Fighting
 14769 | Lair:2   | Found a staircase to the Swamp.
 15503 | Lair:2   | Noticed a six-headed hydra
 15521 | Lair:2   | Killed a six-headed hydra
 15962 | Lair:2   | Noticed a four-headed hydra
 15975 | Lair:2   | Killed a four-headed hydra
 16326 | Lair:3   | Noticed a death yak
 16326 | Lair:3   | Noticed a death yak
 16326 | Lair:3   | Noticed a death yak
 16327 | Lair:3   | Noticed a death yak
 16345 | Lair:3   | Found a frozen archway.
 16432 | IceCv    | Entered an ice cave
 17142 | IceCv    | Reached skill level 13 in Fighting
 17708 | IceCv    | Reached XP level 13. HP: 122/122 MP: 13/13
 17840 | IceCv    | Noticed a frost giant
 17912 | IceCv    | Identified the +5 dagger "Beetlebane" {pierce, rC+ MR+ Stlth+}
 18570 | Lair:3   | Found a hole to the Spider Nest.
 19190 | Lair:3   | Reached *** piety under Ashenzari
 20937 | Lair:2   | Reached skill level 14 in Fighting
 21542 | Lair:4   | Reached skill level 1 in Shields
 22518 | Lair:5   | Reached skill level 5 in Shields
 22893 | Lair:5   | Reached **** piety under Ashenzari
 22942 | Lair:5   | Reached XP level 14. HP: 132/132 MP: 14/14
 23458 | Lair:5   | Identified a scroll of acquirement
 23469 | Lair:6   | Entered Level 6 of the Lair of Beasts
 23695 | Lair:6   | Learned a level 2 spell: Blink
 24110 | Lair:6   | Found a viscous altar of Jiyva.
 24110 | Lair:6   | Found a staircase to the Slime Pits.
 24832 | Lair:6   | Identified the +7 great mace "Killer Bee's Peril" {holy, MR+ Str+3 Int+2} (You acquired it on level 6 of the Lair of Beasts)
 24916 | Lair:6   | Reached skill level 15 in Fighting
 26356 | Lair:6   | Reached skill level 15 in Maces & Flails
 26598 | Lair:2   | Reached skill level 16 in Fighting
 26704 | D:11     | Noticed Erolcha
 26713 | D:11     | Killed Erolcha
 26751 | D:11     | Found a labyrinth entrance.
 26759 | Lab      | Entered a labyrinth
 27043 | Lab      | Reached ***** piety under Ashenzari
 27179 | Lab      | Reached XP level 15. HP: 86/144 MP: 15/15
 28279 | D:11     | Noticed Erica
 28299 | D:11     | Killed Erica
 30134 | D:12     | Noticed Urug
 30161 | D:12     | Killed Urug
 30192 | D:12     | Found a staircase to the Orcish Mines.
 30538 | Orc:1    | Entered Level 1 of the Orcish Mines
 30649 | Orc:1    | Found Zeycyrgh's Antique Weapon Shop.
 30651 | Orc:1    | Found a roughly hewn altar of Beogh.
 31122 | Orc:2    | Entered Level 2 of the Orcish Mines
 31194 | Orc:2    | Found a bloodstained altar of Trog.
 31205 | Orc:2    | Found Bojex's Quality Used Wands.
 31536 | Orc:2    | Found a staircase to the Elven Halls.
 31902 | Orc:2    | Found Apufecza's Gadget Shoppe.
 31984 | Orc:2    | Found a radiant altar of Vehumet.
 31993 | Orc:2    | Paralysed by an ogre mage for 2 turns
 32198 | Orc:2    | Found an ancient bone altar of Kikubaaqudgha.
 32273 | Orc:2    | Found a roughly hewn altar of Beogh.
 32273 | Orc:2    | Found Gigrud's Distillery.
 32293 | Orc:2    | Found Kiuheag's Antique Weapon Shoppe.
 32302 | Orc:2    | Found Gynnezirr's Distillery.
 32326 | Orc:2    | Bought 2 potions of cancellation for 160 gold pieces
 32335 | Orc:2    | Bought a potion of resistance for 150 gold pieces
 32335 | Orc:2    | Bought a potion of heal wounds for 75 gold pieces
 32335 | Orc:2    | Bought a potion of mutation for 37 gold pieces
 32340 | Orc:2    | Bought 2 potions of heal wounds for 150 gold pieces
 32884 | D:13     | Found Geuxit's Antique Weapon Emporium.
 33162 | D:13     | Noticed Snorg
 33178 | D:13     | Killed Snorg
 33596 | D:14     | Noticed Louise
 33634 | D:14     | Killed Louise
 33739 | D:14     | Found a deep blue altar of Sif Muna.
 33760 | D:14     | Noticed Sonja
 34327 | D:14     | Killed Sonja
 34756 | D:14     | Found a gate to the Vaults.
 34969 | D:15     | Entered Level 15 of the Dungeon
 35025 | D:15     | Found a stormy altar of Qazlal.
 35077 | D:15     | Reached ****** piety under Ashenzari
 35094 | D:15     | Reached XP level 16. HP: 143/152 MP: 16/16
 35108 | D:15     | Found a staircase to the Depths.
 35704 | D:15     | Noticed Roxanne
 35728 | D:15     | Killed Roxanne
 35729 | D:15     | Identified Roxanne's Guide on Changing (You took it off Roxanne on level 15 of the Dungeon)
 35935 | D:15     | Noticed Azrael
 35967 | D:15     | Killed Azrael
 36339 | D:15     | Learned a level 6 spell: Statue Form
 36551 | D:15     | Reached skill level 1 in Earth Magic
 36629 | D:15     | Reached skill level 1 in Spellcasting
 36629 | D:15     | Reached skill level 1 in Transmutations
 37201 | Swamp:1  | Entered Level 1 of the Swamp
 37960 | Swamp:1  | Noticed Donald
 38115 | Swamp:1  | Killed Donald
 39044 | Swamp:2  | Learned a level 6 spell: Shadow Creatures
 39665 | Swamp:2  | Reached skill level 5 in Earth Magic
 40153 | Swamp:2  | Reached skill level 5 in Transmutations
 42000 | Swamp:3  | Reached XP level 17. HP: 88/160 MP: 23/23
 42413 | Swamp:4  | Entered Level 4 of the Swamp
 42443 | Swamp:4  | Noticed Aizul
 42454 | Swamp:4  | Killed Aizul
 43307 | Swamp:4  | Reached skill level 5 in Spellcasting
 43794 | Swamp:4  | Noticed a tentacled monstrosity
 43801 | Swamp:4  | Killed a tentacled monstrosity
 44003 | Swamp:4  | Reached skill level 10 in Earth Magic
 44853 | Swamp:4  | Got a decaying rune of Zot
 45015 | Spider:1 | Entered Level 1 of the Spider Nest
 48497 | Spider:2 | Reached skill level 10 in Spellcasting
 49421 | Spider:1 | Reached XP level 18. HP: 159/168 MP: 32/32
 49570 | Spider:2 | Reached skill level 17 in Fighting
 53466 | Spider:3 | Upgraded the game from 0.20-a0-309-gcba9277 to 0.20-a0-315-g8346a86
 53589 | Spider:4 | Entered Level 4 of the Spider Nest
 53635 | Spider:3 | Learned a level 6 spell: Iron Shot
 53815 | Spider:4 | Reached skill level 1 in Conjurations
 55720 | Spider:4 | Reached skill level 5 in Conjurations
 56653 | Spider:4 | Reached XP level 19. HP: 177/177 MP: 33/35
 56818 | Spider:4 | Got a gossamer rune of Zot
 57159 | Elf:1    | Entered Level 1 of the Elven Halls
 57182 | Elf:1    | Found a radiant altar of Vehumet.
 57226 | Elf:1    | Found a magical portal.
 57231 | WizLab   | Entered Doroklohe's Tomb
 57425 | WizLab   | Noticed Amnesiac's ghost (journeyman DEEn)
 57446 | WizLab   | Killed Amnesiac's ghost
 57496 | WizLab   | Noticed a greater mummy
 57521 | WizLab   | Killed a greater mummy
 58169 | Elf:1    | Learned a level 2 spell: Passwall
 58173 | Elf:1    | Learned a level 3 spell: Stone Arrow
 58912 | Elf:1    | Found Qahioqe's Antique Armour Shoppe.
 59753 | Elf:1    | Identified the Compendium of Black Arts
 59820 | Elf:1    | Bought a transparent cloak for 266 gold pieces
 59820 | Elf:1    | Identified the +1 cloak of Broken Taboos {-Cast +Fly rElec Stlth+} (You bought it in a shop on level 1 of the Elven Halls)
 60142 | Elf:2    | Found an ancient bone altar of Kikubaaqudgha.
 60556 | Elf:2    | Identified the Papyrus of the Oath
 60891 | Elf:2    | Found a runed door.
 60914 | Elf:2    | Found a runed door.
 61707 | Elf:2    | Reached skill level 10 in Conjurations
 63280 | Elf:3    | Entered Level 3 of the Elven Halls
 63391 | Elf:3    | Noticed Mara
 63410 | Elf:3    | Killed Mara
 63410 | Elf:3    | Reached XP level 20. HP: 164/185 MP: 38/38
 63562 | Elf:3    | Found Vuvu's Jewellery Boutique.
 63568 | Elf:3    | Bought an uncursed amulet of regeneration for 510 gold pieces
 63819 | Elf:3    | Noticed Bai Suzhen
 63836 | Elf:3    | Killed Bai Suzhen
 64495 | Elf:3    | Reached skill level 18 in Fighting
 64519 | Elf:3    | Reached skill level 15 in Spellcasting
 64694 | Elf:3    | Identified the ring of Zin's Regard {rElec SInv} (You took it off a deep elf mage on level 3 of the Elven Halls)
 65022 | Elf:3    | Identified the ring of Hutiapt {rF+ rN+ MP+9 Str-3 Int+2} (You took it off a deep elf annihilator on level 3 of the Elven Halls)
 65382 | Elf:3    | Identified the amulet of Feogg {Harm *Drain rF+ MP+9 Slay+3} (You took it off a deep elf elementalist on level 3 of the Elven Halls)
 65822 | Elf:3    | Identified the Catalogue of Cloudy Slavery
 65843 | Elf:3    | Identified the Tome of Vitriolic Augmentations
 65846 | Elf:3    | Identified Sif Muna's Collected Works on Attacks and Clay
 65850 | Elf:3    | Identified the Disquisition on Boosting Feathers
 65859 | Elf:3    | Learned a level 6 spell: Deflect Missiles
 65865 | Elf:3    | Learned a level 5 spell: Silence
 66089 | Orc:2    | Bought a glowing morningstar for 240 gold pieces
 66206 | Elf:1    | Bought a runed shield for 294 gold pieces
 66434 | Vaults:1 | Entered Level 1 of the Vaults
 67014 | Vaults:1 | Found Asisaa's Distillery.
 67024 | Vaults:1 | Bought a potion of heal wounds for 95 gold pieces
 67024 | Vaults:1 | Bought a potion of haste for 190 gold pieces
 67024 | Vaults:1 | Bought a potion of might for 76 gold pieces
 67024 | Vaults:1 | Bought a potion of haste for 190 gold pieces
 68088 | Vaults:1 | Reached skill level 10 in Shields
 68125 | Vaults:1 | Reached XP level 21. HP: 157/195 MP: 40/40
 69289 | Vaults:2 | Noticed Jorgrun
 69308 | Vaults:2 | Killed Jorgrun
 69839 | Vaults:2 | Reached skill level 1 in Hexes
 69839 | Vaults:2 | Reached skill level 1 in Charms
 70679 | Vaults:3 | Reached skill level 1 in Air Magic
 70782 | Vaults:3 | Found a flickering gateway to a bazaar.
 70792 | Bazaar   | Entered a bazaar
 70809 | Bazaar   | Found Ijudex's Food Emporium.
 70824 | Bazaar   | Found Numil's Distillery.
 70839 | Bazaar   | Found Ziecefue's Weapon Emporium.
 70839 | Bazaar   | Found Inept's Book Shoppe.
 70860 | Bazaar   | Found Nomnuutiepn's Distillery.
 70893 | Bazaar   | Bought a potion of heal wounds for 45 gold pieces
 70893 | Bazaar   | Bought a potion of agility for 36 gold pieces
 70893 | Bazaar   | Bought a potion of beneficial mutation for 315 gold pieces
 70893 | Bazaar   | Bought a potion of agility for 36 gold pieces
 70893 | Bazaar   | Gained mutation: You have an increased reservoir of magic. (+10% MP) [potion of beneficial mutation]
 70934 | Bazaar   | Bought a potion of haste for 190 gold pieces
 70934 | Bazaar   | Bought a potion of haste for 190 gold pieces
 70934 | Bazaar   | Bought 2 potions of haste for 380 gold pieces
 70934 | Bazaar   | Bought a potion of agility for 76 gold pieces
 70954 | Bazaar   | Bought a meat ration for 45 gold pieces
 70954 | Bazaar   | Bought a slice of pizza for 13 gold pieces
 70954 | Bazaar   | Bought a bread ration for 45 gold pieces
 70954 | Bazaar   | Bought a slice of pizza for 13 gold pieces
 70954 | Bazaar   | Bought a meat ration for 45 gold pieces
 70954 | Bazaar   | Bought a meat ration for 45 gold pieces
 70954 | Bazaar   | Bought a bread ration for 45 gold pieces
 70954 | Bazaar   | Bought a meat ration for 45 gold pieces
 71526 | Vaults:3 | Noticed Sojobo
 71570 | Vaults:3 | Killed Sojobo
 71914 | Vaults:3 | Reached skill level 5 in Hexes
 72162 | Vaults:3 | Noticed Boris
 72186 | Vaults:3 | Killed Boris
 72890 | Vaults:3 | Found Kadoraud's Food Shoppe.
 72927 | Vaults:3 | Reached skill level 5 in Air Magic
 72927 | Vaults:3 | Reached XP level 22. HP: 133/204 MP: 45/45
 74178 | Vaults:3 | Found a staircase to the Crypt.
 74405 | Vaults:3 | Identified the +6 short sword "Fucosou" {antimagic, rC+ MP-9 Int+4} (You found it on level 9 of the Dungeon)
 74405 | Vaults:3 | Identified the +9 dagger of Chaos {drain, rC++ Int-5}
 74405 | Vaults:3 | Identified the +4 mace of Cowardice {freeze, rElec rF+ Str+4} (You found it on level 13 of the Dungeon)
 74405 | Vaults:3 | Identified the +10 scimitar "Ajaziv" {freeze, rN+} (You found it on level 6 of the Lair of Beasts)
 74405 | Vaults:3 | Identified the +7 scythe of the Spider Nest {pain, *Rage rPois rN+ MR+++} (You found it on level 3 of the Swamp)
 74405 | Vaults:3 | Identified the +1 glaive "Itsishre" {drain, Str+3} (You found it on level 1 of the Spider Nest)
 74665 | D:13     | Identified the +4 mace of Cowardice {freeze, rElec rF+ Str+4} (You found it on level 13 of the Dungeon)
 74936 | Elf:3    | Learned a level 8 spell: Discord
 74946 | Elf:3    | Upgraded the game from 0.20-a0-315-g8346a86 to 0.20-a0-331-g5b3579f
 76862 | Vaults:4 | Reached skill level 10 in Hexes
 77930 | Vaults:3 | Gained mutation: You are frail. (-10% HP) [mutagenic glow]
 78817 | Vaults:4 | Identified the Compendium of the Enthralling Rocks
 78939 | Vaults:4 | Identified the Incunabulum of Creation and Bewitchment
 79096 | Vaults:4 | Reached XP level 23. HP: 139/189 MP: 47/47
 79566 | Vaults:5 | Entered Level 5 of the Vaults
 79743 | Vaults:5 | Reached skill level 19 in Fighting
 79749 | Vaults:5 | HP: 8/191 [tentacled monstrosity (5)]
 79871 | Vaults:5 | Gained mutation: Your body sometimes deteriorates upon taking damage. [mutagenic glow]
 81155 | Vaults:5 | Identified the +11 mace of Viaff {flame, rPois Dex+6} (You took it off a deep elf demonologist on level 5 of the Vaults)
 81356 | Vaults:5 | Cast into level 2 of the Abyss (a deep elf sorcerer)
 81422 | Vaults:5 | Escaped the Abyss
 81502 | Vaults:5 | Reached skill level 15 in Dodging
 82816 | Vaults:5 | Got a silver rune of Zot
 82825 | Vaults:5 | Reached skill level 20 in Fighting
 83296 | Vaults:5 | Identified the amulet of Kiowyas {Gourm rPois Str-4 Slay+5 SInv} (You took it off a vault sentinel on level 5 of the Vaults)
 83751 | Vaults:5 | Reached XP level 24. HP: 186/202 MP: 48/48
 84037 | Vaults:5 | Learned a level 6 spell: Darkness
 84213 | Depths:1 | Entered Level 1 of the Depths
 84800 | Depths:1 | Found a gateway to Hell.
 85573 | Depths:2 | Found a flickering gateway to a bazaar.
 85582 | Bazaar   | Entered a bazaar
 85583 | Bazaar   | Found Unah's Antique Weapon Shoppe.
 85591 | Bazaar   | Found Hocumep's Antique Weapon Shoppe.
 85596 | Bazaar   | Found Effuk's Antique Weapon Shop.
 85623 | Bazaar   | Found Uweplo's Jewellery Emporium.
 86380 | Depths:2 | Reached skill level 21 in Fighting
 87706 | Depths:3 | Noticed a juggernaut
 87747 | Depths:3 | Killed a juggernaut
 87876 | Depths:3 | Noticed a juggernaut
 87914 | Depths:3 | Killed a juggernaut
 88135 | Depths:3 | Identified the +1 pair of boots of Kleptomania {+Fly rPois Regen+ Dex-5}
 88196 | Depths:3 | HP: 13/266 [titan (34)]
 88210 | Depths:3 | Killed from afar by a deep troll earth mage

Vault maps used:
D:1:      onia_arrival_pyramid, kennysheep_pointless_box
D:2:      nicolae_qazlal_general_emergency
D:4:      old_standard_altar, kennysheep_boxes, uniq_duvessa, uniq_sigmund
D:5:      zin_scriptorium, gup_sewer_entry_pipe, first_bread,
          kennysheep_slug_shrine
D:6:      grunt_temple_overflow_open, tso_altar
D:7:      lemuel_crystal_altar, grunt_livestock, st_stairs_9
D:8:      nicolae_ru_awakened_eye, uniq_gastronok
D:10:     grunt_lair_entry_orc_guard_hut
D:11:     cheibrodos_tormentor_scu, lab_entry_generic, uniq_erolcha, uniq_erica
D:12:     zombieorc2_lemuel, serial_glass, glass_columns_a, glass_columns_b,
          feat_on_display, feat_on_display, minmay_strange_pillars,
          grunt_decor_arrowhead, uniq_urug
D:13:     serial_shops, nicolae_shop_behind_doors, st_stairs_11, uniq_snorg
D:14:     hangedman_vaults_entry_quadrant_bands, roderic_lattice_a, basic_altar,
          uniq_louise, uniq_sonja
D:15:     hangedman_depths_entry_civil_slaughter, old_standard_altar,
          serial_column_ruins, column_ruins_square_huge,
          column_ruins_corridor_dead_end, column_ruins_grid_1,
          column_ruins_open_medium, column_ruins_grid_3, column_ruins_open_tiny,
          column_ruins_grid_2, column_ruins_grid_4, feat_on_display,
          uniq_roxanne, uniq_azrael
Temple:   dpeg_chambers_temple
Lair:1:   beast_lair_carwin_large_4, minivault_27
Lair:2:   swamp_mist_pool
Lair:3:   dummy_spider_entry, nicolae_volcano_entry_batcave,
          portal_ice_cave_demonic_guard, grunt_megastairs_3
Lair:4:   minmay_lair_drake_nest, infiniplex_staircase_pool_2,
          serial_bayou_shore_b
Lair:5:   grunt_megastairs_5
Lair:6:   grunt_lair_end_beastmaster, slime_altar_1, cheibrodos_lair_lostbears
Swamp:1:  evilmike_swamp_ruin_house_1, uniq_donald
Swamp:2:  hangedman_swamp_diagram, swamp_pool1, st_swamp_ruins_3
Swamp:3:  evilmike_swamp_ruin_house_5
Swamp:4:  swamp_vile, uniq_aizul
Spider:4: spider_rune_water, nicolae_spider_cling_ruins
Orc:1:    serial_shops, shop_statue, basic_altar
Orc:2:    kennysheep_orc_mage_school, basic_altar, nicolae_for_you_no_charge
Elf:1:    eino_elf_arrival_altar, serial_shops,
          nicolae_shop_temple_entry_statues_fountains,
          infiniplex_enter_wizlab_spiral, minmay_elf_necromancy, david_greed
Elf:2:    basic_altar, minivault_24, minivault_5, basic_stair_grate_trap
Elf:3:    elf_hall, serial_shops, shop, uniq_mara, uniq_bai_suzhen
Vaults:1: nicolae_vaults_sealed_display, v_rooms_2, v_misc_5,
          ontoclasm_vaults_fault, vaults_room_pools, v_pattern_1,
          nicolae_vaults_shelves_hall, nicolae_vaults_border_crossing,
          vaults_dpeg_encased_lava, serial_shops, shop
Vaults:2: nicolae_vaults_shelves_hall, vaults_dpeg_diagonal, v_pattern_5,
          v_misc_31, uniq_jorgrun
Vaults:3: nicolae_vaults_inception_statues, nicolae_vaults_network_star,
          ontoclasm_vaults_loading_screen, hangedman_vaults_pinch,
          vaults_room_ringed_pool, nicolae_vaults_little_squares_6,
          nicolae_vaults_windows_and_doors_thing, ontoclasm_vaults_chip,
          v_misc_10, vaults_standard_mumra_x, vaults_room_mumra_shop_pool,
          st_smaller_cells, minmay_crypt_entry_simple_round,
          vaults_room_stairs_pillars, serial_shops, bzr_entry_dummy,
          uniq_sojobo, uniq_boris
Vaults:4: nicolae_vaults_angled_halls, st_greater_box_3, vaults_room_door_hall,
          grunt_vaults_funnel, v_misc_29, v_misc_4, hangedman_vaults_locks,
          dpeg_vaults_monster_box
Depths:1: grunt_hell_entry_dis_mu, hangedman_decor_diamond_cutter,
          minmay_misc_feat_tower, kennysheep_generic_room_8
Depths:2: evilmike_diamond_2, hangedman_coc_ice_floe, serial_shops,
          bzr_entry_road, nicolae_water_bricks, st_stairs_3,
          hangedman_decor_slide_cut, minivault_11, minmay_staircase_bubble
Depths:3: minmay_octagon_city, grunt_pan_entry_spiral, serial_shops, statue_bzr,
          hangedman_tar_grid_catacomb, minmay_misc_feat_tiny, special_room
Abyss:2:  evilmike_abyss_exit_14
Lab:      labyrinth_spiral, labyrinth_skeletal_remains, nicolae_lab_blocks,
          nicolae_lab_grate_2, nicolae_lab_x
Bazaar:   bazaar_long_row, bazaar_kb_twisted_cavern
Sewer:    sewer_fruit_machine
IceCv:    ice_cave_caverns_01
WizLab:   wizlab_doroklohe

Skill      XL: |  1  2  3  4  5  6  7  8  9 10 11 12 13 14 15 16 17 18 19 20 21 22 23 24 |
---------------+-------------------------------------------------------------------------+-----
Maces & Flails | 4 5 6 8 9 10 12 13 14 15 17 18 | 18.2
Fighting       | 6 10 11 13 14 16 17 18 20 21 | 21.5
Dodging        | 5 9 10 11 12 13 14 15 16 | 16.9
Stealth        | 3 |  3.3
Shields        | 5 6 10 12 | 12.4
Earth Magic    | 7 10 12 | 12.2
Spellcasting   | 4 10 12 14 15 16 17 | 17.3
Transmutations | 6 |  6.9
Conjurations   | 6 10 | 10.7
Hexes          | 6 12 | 12.8
Charms         | 4 |  4.8
Air Magic      | 5 |  5.3
Throwing       | |  1.7

Action                   |  1- 3 |  4- 6 |  7- 9 | 10-12 | 13-15 | 16-18 | 19-21 | 22-24 || total
-------------------------+-------+-------+-------+-------+-------+-------+-------+-------++-------
Melee: Flail             |   128 |   265 |   431 |   106 |       |       |       |       ||   930
       Tailslap          |    14 |    29 |    67 |   191 |   316 |   356 |   382 |   490 ||  1845
       Morningstar       |       |       |       |  1011 |   829 |       |  1242 |   387 ||  3469
       Great mace        |       |       |       |       |   940 |  1782 |   925 |       ||  3647
       Eveningstar       |       |       |       |       |       |       |       |  2350 ||  2350
Throw: Throwing net      |       |     3 |     1 |     1 |       |       |       |       ||     5
 Cast: Statue Form       |       |       |       |       |       |    19 |     9 |    13 ||    41
       Iron Shot         |       |       |       |       |       |       |    10 |    32 ||    42
       Silence           |       |       |       |       |       |       |     8 |    48 ||    56
       Deflect Missiles  |       |       |       |       |       |       |     1 |     9 ||    10
       Stone Arrow       |       |       |       |       |       |       |       |     4 ||     4
       Discord           |       |       |       |       |       |       |       |     2 ||     2
       Darkness          |       |       |       |       |       |       |       |     1 ||     1
Invok: Curse Item        |       |       |     3 |     3 |     1 |       |     5 |     2 ||    14
       Scrying           |       |       |       |       |       |     1 |       |       ||     1
 Abil: End Transformatio |       |       |       |       |       |       |     1 |       ||     1
Evoke: Wand              |       |       |       |     6 |    10 |     2 |    17 |     1 ||    36
  Use: Scroll            |       |     9 |       |    13 |    25 |    14 |    23 |    21 ||   105
       Potion            |       |     2 |     2 |     4 |     1 |    11 |     9 |    11 ||    40
 Stab: Sleeping          |     3 |       |       |     4 |     9 |    11 |    19 |     6 ||    52
       Held in net/web   |       |       |       |     1 |       |       |       |       ||     1
       Distracted        |       |       |       |     2 |     5 |     3 |     6 |     2 ||    18
       Invisible         |       |       |       |       |     3 |     2 |       |     2 ||     7
  Eat: Chunk             |     3 |     7 |    13 |    27 |    35 |    28 |    41 |    50 ||   204
       Fruit             |       |     3 |       |     7 |       |     2 |       |     4 ||    16
       Beef jerky        |       |       |       |     1 |       |     7 |     1 |       ||     9
       Bread ration      |       |       |       |       |     4 |     4 |     2 |     1 ||    11
       Royal jelly       |       |       |       |       |     2 |       |       |       ||     2
       Pizza             |       |       |       |       |       |     5 |     4 |       ||     9
       Meat ration       |       |       |       |       |       |     3 |     1 |     2 ||     6
Armor: Skin              |    42 |   118 |   182 |   358 |   580 |  1052 |   603 |   624 ||  3559
Dodge: Dodged            |    81 |   240 |   229 |   865 |  1948 |  3133 |  1594 |  1881 ||  9971
       Deflected         |       |       |       |       |       |       |     5 |    81 ||    86
Block: Buckler           |       |       |       |       |   101 |       |       |       ||   101
       Shield            |       |       |       |       |       |       |   801 |  1795 ||  2596
